 Dungeon Crawl Stone Soup version 0.30.1-9-gdf580d7c3d (webtiles) character file.

Game seed: 3793440044867178565

35 lonewolfV2 the Chopper (level 3, -3/28 HPs)
             Began as a Formicid Gladiator on Sept 29, 2023.
             Killed by nerve-wracking pain
             ... invoked by an orc priest
              (5 damage)
             ... on level 3 of the Dungeon.
             The game lasted 00:01:50 (2011 turns).

lonewolfV2 the Chopper (Formicid Gladiator)         Turns: 2011, Time: 00:01:51

Health: -3/28      AC:  3    Str: 20    XL:     3   Next: 52%
Magic:  3/3        EV: 12    Int:  7    God:
Gold:   103        SH:  0    Dex: 15    Spells: 2/2 levels left

rFire   . . .        a - +0 war axe
rCold   . . .        (no shield)
rNeg    . . .        b - +0 leather armour
rPois   .            (helmet unavailable)
rElec   .            (no cloak)
rCorr   .            (no gloves)
SInv    +            (no boots)
Will    .....        (no amulet)
Stlth   +            (no ring)
HPRegen 0.24/turn    (no ring)
MPRegen 0.08/turn

%: no passive effects
@: no status effects
A: permanent stasis, dig shafts and tunnels, antennae 3, four strong arms
a: Dig, Shaft Self


You were on level 3 of the Dungeon.
You visited 1 branch of the dungeon, and saw 3 of its levels.

You collected 103 gold pieces.

Inventory:

Hand Weapons
 a - a +0 war axe (weapon)
Missiles
 c - 3 throwing nets (quivered)
 d - a javelin
Armour
 b - a +0 leather armour (worn)
Jewellery
 i - a ring of wizardry
Wands
 j - a wand of digging (8)
Scrolls
 f - 3 scrolls of noise
Potions
 e - 2 potions of attraction
 h - 2 potions of heal wounds
 l - a potion of lignification {unknown}
 m - 2 potions of curing


   Skills:
 + Level 2.5 Fighting
 + Level 3.7 Axes
 + Level 2.0 Throwing
 + Level 0.3 Armour
 + Level 3.0 Dodging


You had 2 spell levels left.
You didn't know any spells.
Your spell library contained the following spells:

 Spells                   Type           Power      Damage    Failure   Level
 Magic Dart               Conj           0%         1d3       50%         1
 Call Imp                 Summ           0%         N/A       63%         2
 Mephitic Cloud           Conj/Pois/Air  0%         N/A       86%         3


Dungeon Overview and Level Annotations

Branches:
Dungeon (3/15)

Altars:
Wu Jian


Innate Abilities, Weirdness & Mutations

You cannot be hasted, slowed, berserked, paralysed or teleported.
You can dig through walls and to a lower floor.
You have a pair of large antennae on your head. (SInv)
Your four strong arms can wield two-handed weapons with a shield.


Message History

You hit the orc priest.
The orc priest is lightly wounded.
The orc priest misses you. The orc priest hits you with a +0 club.
You closely miss the orc priest.
The orc priest is lightly wounded.
An orc wizard comes into view. It is wielding a +0 dagger.
The orc priest hits you but does no damage.
You closely miss the orc priest.
The orc priest is lightly wounded.
The orc priest barely misses you.
Unknown command.
You barely miss the orc priest.
The orc priest is lightly wounded.
The orc priest barely misses you.
You slash the orc priest!
The orc priest is almost dead.
You hit the orc. The orc hits you with a +0 club.
The orc priest invokes the aid of Beogh against you.
Pain shoots through your body! The orc barely misses you.
The orc priest casts a cantrip, but nothing happens.
Unknown command.
You closely miss the orc priest.
The orc priest is almost dead.
You barely miss the orc. You slash the orc!
The orc wizard mumbles some strange words.
The orc wizard flickers and vanishes for a moment.
The orc barely misses you.
The orc priest begins to cast a cantrip, but forgets the words!
The orc priest looks satisfied for a moment.
You completely miss the orc priest.
The orc priest is almost dead.
You completely miss the orc. You barely miss the orc.
The orc closely misses you. The orc misses you.
The orc priest hits you with a +0 club.
* * * LOW HITPOINT WARNING * * *
The orc hits you with a +0 club.
* * * LOW HITPOINT WARNING * * *
The orc priest calls down the wrath of Beogh upon you.
Pain shoots through your body!
You die...

.#.#...#.#....
.#.#._.#.#...
.#.#...#.#..
#.#.......#.
#.#=#####.#
#.......o. # #.
#.#.....o# .####
#.###.#....o@##.....
...........o.o......
........#...:.......
....................$
.....................
.....................
.........#........##.
.........#........#
.........#........#


You could see 2 orc priests, an orc wizard (invisible) and 2 orcs.

Vanquished Creatures
  An adder (D:2)
  2 worms (D:2)
  2 ball pythons (D:2)
  2 giant cockroaches
  2 goblins
  2 hobgoblins (D:1)
  2 bats
  2 frilled lizards (D:2)
  4 kobolds
  2 rats
21 creatures vanquished.

Notes
Turn   | Place    | Note
-------+----------+-------------------------------------------
     0 | D:1      | lonewolfV2 the Formicid Gladiator began the quest for the
                  | Orb.
     0 | D:1      | Reached XP level 1. HP: 16/16 MP: 1/1
   397 | D:1      | Found a faded altar of an unknown god.
   521 | D:1      | Reached XP level 2. HP: 20/22 MP: 2/2
  1535 | D:2      | Reached XP level 3. HP: 14/28 MP: 3/3
  2003 | D:3      | Found an ornate altar of the Wu Jian Council.
  2011 | D:3      | Killed from afar by an orc priest

Illustrated notes

Levels and vault maps discovered:
D:1:      dpeg_arrival_round_a, layout_loops_corners,
          shapermc_ecumenical_altar_gd
D:2:      layout_rooms, serial_bayou_pond_d, grunt_ministairs_6,
          chequers_hall_statues_wall_a
D:3:      layout_basic, mainiacjoe_overflow_cross_hatched, minmay_misc_feat_iff

Skill      XL: |  1  2 |
---------------+-------+-----
Dodging        | 3 |  3.0
Fighting       | |  2.5
Axes           | |  3.7
Throwing       | |  2.0
Armour         | |  0.3

Action                     || total
---------------------------++-------
  Melee: War axe           ||    64
    Use: Scroll            ||     8
 Armour: Leather armour    ||    13
  Dodge: Dodged            ||    66
